 Dungeon Crawl Stone Soup version 0.22.1-2-g9c5b331 (webtiles) character file.

29 nuthulu the Shield-Bearer (level 3, -1/23 HPs)
             Began as a Gargoyle Fighter on Jan 1, 2019.
             Killed by divine providence
             ... invoked by an orc priest
              (10 damage)
             ... on level 2 of the Dungeon.
             The game lasted 00:01:50 (915 turns).

nuthulu the Shield-Bearer (Gargoyle Fighter)         Turns: 915, Time: 00:01:51

Health: -1/23      AC: 10    Str: 20    XL:     3   Next: 16%
Magic:  3/3        EV:  7    Int:  8    God:
Gold:   58         SH:  9    Dex:  9    Spells: 2/2 levels left

rFire    . . .     SeeInvis .   a - +0 flail
rCold    . . .     Gourm    .   c - +0 shield
rNeg     + . .     Faith    .   b - +0 scale mail
rPois    ∞         Spirit   .   (no helmet)
rElec    +         Reflect  .   (no cloak)
rCorr    .         Harm     .   (no gloves)
MR       .....                  (no boots)
Stlth    ..........             (no amulet)
HPRegen  0.07/turn              (no ring)
MPRegen  0.08/turn              (no ring)

@: no status effects
A: negative energy resistance 1, electricity resistance, unbreathing,
petrification resistance, rot immunity, AC +3
a: no special abilities


You were on level 2 of the Dungeon.
You were not hungry.

You visited 1 branch of the dungeon, and saw 2 of its levels.

You collected 58 gold pieces.

Inventory:

Hand Weapons
 a - a +0 flail (weapon)
Armour
 b - a +0 scale mail (worn)
 c - a +0 shield (worn)
Jewellery
 h - an uncursed amulet of guardian spirit {unknown}
Potions
 e - 3 potions of invisibility {unknown}
Comestibles
 f - 2 rations


   Skills:
 - Level 3.2 Fighting
 + Level 2.8 Maces & Flails
 - Level 3.2 Armour
 + Level 4.0 Shields


You had 2 spell levels left.
You didn't know any spells.
Your spell library was empty.

Dungeon Overview and Level Annotations

Branches:
Dungeon (2/15)

Altars:


Innate Abilities, Weirdness & Mutations

You are resistant to torment.
Your stone body is resilient. (AC +3)
You are immune to poison.
You resist negative energy. (rN+)
You are resistant to electric shocks. (rElec)
You can survive without breathing.
You are immune to petrification.
You are immune to rotting.


Message History

g - a scroll labeled YTTAMP YTOLE
h - a dented diamond amulet
Found a robe.
As you read the scroll labeled YTTAMP YTOLE, it crumbles to dust.
You hear a loud clanging noise!
It was a scroll of noise.
You hear an angry hiss.
You hear a shout! x2; You hear a bark!
You hear a shout! x2; You hear a bark! x2; You hear a shout! x3
You hear a bark!
An adder comes into view.
An orc priest comes into view. It is wielding a hand axe.
The orc priest invokes the aid of Beogh against you.
Beogh smites you!
Ouch! That really hurt!
All of the chunks of flesh in your inventory have rotted away.
You block the adder's attack. The adder bites you.
The orc priest mumbles some strange prayers to Beogh against you.
Beogh smites you!
You die...

#........##.##.#.#.##,*,,**<,,,,,
#........##.##.#,#,,*,**,,,,,,,,,
#........##.##.#,,,,*,**,,*,,***,
.........##....######.*,,,,,,,,,,
......................*,,,,,****,
,........###....######*,,,,,,,,,,
,,,******* ###..# *,,,,,***,,
,,,*****####*#..#### *,,,,,* *,,
,,,,,,,,....##..@..# ***,,,***,,
,,,,,,,,........S#.## *,,,.,,,,,
,,,,,,,,....#.......# *,,..***,,
,,,,,,,,...,#.......## *,.#,***,,
,,,,,,*,..,*#........###..#.,***,
,,,,,,*,.,,*######..........,,,,,
,,,,,,***********#..........*,,*,
,,,,,,,,,,,,,,,,,#...o.....#**,*+
,,,,,,,,,,,,,,,,,#..........*,,,,


You could see an orc priest and an adder.

Vanquished Creatures
  A dart slug (D:1)
  A leopard gecko (D:1)
  A giant cockroach (D:1)
  2 goblins (D:1)
  4 hobgoblins (D:1)
  3 jackals (D:1)
  4 kobolds
  A ball python (D:1)
  2 bats (D:1)
  2 frilled lizards (D:1)
  3 rats
24 creatures vanquished.

Notes
Turn   | Place    | Note
-------+----------+-------------------------------------------
     0 | D:1      | nuthulu the Gargoyle Fighter began the quest for the Orb.
     0 | D:1      | Reached XP level 1. HP: 14/14 MP: 1/1
    56 | D:1      | Reached XP level 2. HP: 4/19 MP: 2/2
   688 | D:1      | Reached XP level 3. HP: 22/23 MP: 3/3
   691 | D:1      | Reached skill level 4 in Shields
   915 | D:2      | Killed from afar by an orc priest

Skill      XL: |  1  2  3 |
---------------+----------+-----
Shields        | 4 |  4.0
Fighting       | |  3.2
Maces & Flails | |  2.8
Armour         | |  3.2

Action                   || total
-------------------------++-------
Melee: Flail             ||    81
  Use: Scroll            ||     3
       Potion            ||     1
Armor: Scale mail        ||    51
Dodge: Dodged            ||    27
Block: Shield            ||    48
